 Dungeon Crawl Stone Soup version 0.27-a0-1137-g3ef0f4ec91 (webtiles) character file.

Game seed: 6675119217333028503

117 streetpizza the Ducker (level 5, 0/40 HPs)
             Began as a Djinni Gladiator on May 6, 2021.
             Slain by a shadow imp (1 damage)
             ... summoned by Natasha
             ... on level 2 of the Dungeon.
             The game lasted 00:04:34 (2460 turns).

streetpizza the Ducker (Djinni Gladiator)           Turns: 2460, Time: 00:04:34

Health: 0/40       AC:  4    Str: 13    XL:     5   Next: 1%
Gold:   107        EV: 17    Int: 10    God:
                   SH:  0    Dex: 15

rFire    + + .     SeeInvis .   a - +0 long sword
rCold    x . .     Faith    .   (no shield)
rNeg     . . .     Spirit   .   b - +0 leather armour
rPois    ∞         Reflect  .   c - +0 helmet
rElec    .         Harm     .   (no cloak)
rCorr    .         Rampage  .   (no gloves)
Will     .....                  (boots unavailable)
Stlth    +.........             (no amulet)
HPRegen  0.13/turn              i - +4 ring of evasion
MPRegen  0.00/turn              (no ring)

@: flying, slowed, very slow
A: sickness immunity, fire resistance 2, cold vulnerability 1, float, innate
caster, hp casting, extra vitality 1
a: no special abilities


You were on level 2 of the Dungeon.
You visited 1 branch of the dungeon, and saw 2 of its levels.

You collected 107 gold pieces.

Inventory:

Hand Weapons
 a - a +0 long sword (weapon)
Missiles
 d - 3 throwing nets (quivered)
Armour
 b - a +0 leather armour (worn)
 c - a +0 helmet (worn)
Jewellery
 i - a +4 ring of evasion (left hand)
Scrolls
 f - a scroll of identify {unknown}
 g - a scroll of acquirement {unknown}
 h - a scroll of noise {unknown}
 j - a scroll of brand weapon {unknown}
Potions
 e - a potion of attraction {unknown}
 k - a potion of haste {unknown}
 l - a potion of flight {unknown}


   Skills:
 + Level 3.0 Fighting
 + Level 3.3 Long Blades
 - Level 1.5 Throwing
 + Level 4.1 Dodging
 + Level 1.5 Spellcasting


You had 4 spell levels left.
You knew the following spells:

 Your Spells              Type           Power      Damage    Failure   Level
a - Corona                Hex            3%         N/A       22%         1
b - Poisonous Vapours     Pois/Air       6%         N/A       32%         2
Your spell library was empty.

Dungeon Overview and Level Annotations

Branches:
Dungeon (2/15)

Altars:

Annotations:
D:2 Natasha


Innate Abilities, Weirdness & Mutations

You are immune to sickness and miasma.
You are immune to poison.
Your flesh is very heat resistant. (rF++)
You are vulnerable to cold. (rC-)
You float through the air rather than walking.
You learn spells naturally, not from books.
Your magical power is your life essence.
You have superior vitality. (+4 HP)


Message History

The magic dart hits you! Natasha barely misses you.
You riposte.
You barely miss Natasha. Natasha claws you.
You hit Natasha.
Natasha is lightly wounded.
Natasha closely misses you.
You riposte.
You barely miss Natasha.
Natasha is lightly wounded.
Natasha barely misses you.
You riposte.
You completely miss Natasha.
Natasha is lightly wounded.
You barely miss Natasha.
Natasha is lightly wounded.
Natasha claws you but does no damage.
Natasha casts a spell.
You barely miss Natasha.
Natasha is lightly wounded.
Natasha barely misses you. Natasha claws you but does no damage.
You closely miss Natasha.
Natasha is lightly wounded.
The shadow imp hits you. Natasha claws you!
The shadow imp completely misses you.
You riposte.
You closely miss the shadow imp. You hit Natasha but do no damage.
Natasha is lightly wounded.
Natasha stares at you and mumbles some strange words.
The magic dart hits you. The shadow imp hits you.
* * * LOW HITPOINT WARNING * * *
Natasha casts a spell.
The shadow imp misses you.
You closely miss Natasha.
Natasha is lightly wounded.
Natasha howls an incantation.
Natasha glows brightly for a moment.
Natasha closely misses you.
You riposte.
You hit Natasha.
Natasha is lightly wounded.
The shadow imp hits you.
* * * LOW HITPOINT WARNING * * *
Natasha claws you!
* * * LOW HITPOINT WARNING * * *
The shadow imp hits you.
You die...

.......<...........########..#
..............................
........................(#....
.........#....................
........##...............)....
.#......#.<...................
#....###.....................
#....###.....................
...........@5...............
..#####...h...............
#....#5...............
###.......#..........###
#.........#...<.......>.
....#...÷#.............##. ..
.####....##............###
#..####....#.............# #
#......................#.# #


You could see Natasha, a white imp (summoned) and a shadow imp (summoned).

Vanquished Creatures
  Natasha (twice) (D:2)
  3 adders (D:2)
  A worm (D:2)
  4 endoplasms
  2 giant cockroaches
  2 goblins (D:1)
  3 hobgoblins
  3 jackals (D:1)
  6 kobolds
  2 quokkas
  2 ball pythons
  3 bats
  3 frilled lizards (D:1)
36 creatures vanquished.

Notes
Turn   | Place    | Note
-------+----------+-------------------------------------------
     0 | D:1      | streetpizza the Djinni Gladiator began the quest for the
                  | Orb.
     0 | D:1      | Reached XP level 1. HP: 18/18 MP: 0/0
   386 | D:1      | Reached XP level 2. HP: 23/23 MP: 0/0
  1277 | D:2      | Reached XP level 3. HP: 22/29 MP: 0/0
  1277 | D:2      | Learned a level 1 spell: Corona
  1379 | D:2      | Reached skill level 1 in Spellcasting
  1678 | D:2      | Noticed Natasha
  1709 | D:2      | Killed Natasha
  1710 | D:2      | Reached XP level 4. HP: 18/34 MP: 0/0
  2013 | D:2      | Reached skill level 4 in Dodging
  2177 | D:2      | Noticed Natasha
  2188 | D:2      | Killed Natasha
  2189 | D:2      | Reached XP level 5. HP: 6/40 MP: 0/0
  2189 | D:2      | Learned a level 2 spell: Poisonous Vapours
  2289 | D:2      | Noticed Natasha
  2460 | D:2      | HP: 1/40 [Natasha (9)]
  2460 | D:2      | Slain by a shadow imp

Illustrated notes

Levels and vault maps discovered:
D:1:      kilobyte_arrival_exit_the_forest, layout_loops_corners
D:2:      layout_rooms, uniq_natasha

Skill      XL: |  1  2  3  4 |
---------------+-------------+-----
Long Blades    | 3 |  3.3
Spellcasting   | 1 |  1.5
Dodging        | 4 |  4.1
Fighting       | 3 |  3.0
Throwing       | |  1.5

Action                   |  1- 3 |  4- 6 || total
-------------------------+-------+-------++-------
Melee: Long sword        |    73 |    40 ||   113
Armor: Leather armour    |    16 |     4 ||    20
Dodge: Dodged            |    50 |    38 ||    88
       Rpst.: Long sword |    15 |    19 ||    34

Table legend: (Time is in decaauts)
 A = Elapsed time spent in this place.
 B = Non-inter-level travel time spent in this place.
 C = Inter-level travel time spent in this place.
 D = Time resting spent in this place.
 E = Time spent auto-exploring this place.
 F = Levels seen in this place.
 G = Mean time per level.
                   A        B        C        D        E       F      G
               +--------+--------+--------+--------+--------+-----+--------+
         Total |   2492 |   2477 |     15 |    151 |   1978 |   2 | 1246.0 |
       Dungeon |   2492 |   2477 |     15 |    151 |   1978 |   2 | 1246.0 |
               +--------+--------+--------+--------+--------+-----+--------+

Top non-repeatable levels by time:
     D:1: 1430 daAuts
     D:2: 1062 daAuts
